[Event "Superbet Blitz Poland 2023"]
[Site "Warsaw"]
[Date "2023.05.24"]
[Round "7"]
[White "Vachier-Lagrave, Maxime"]
[Black "So, Wesley"]
[Result "1/2-1/2"]
[ECO "C67"]
[WhiteElo "2742"]
[BlackElo "2760"]
[Annotator "TA"]
[PlyCount "128"]
[EventDate "2023.05.24"]
[EventType "tourn"]
[EventCountry "POL"]
[SourceTitle "playchess.com"]
[Source "ChessBase"]
[SourceQuality "1"]
[TimeControl "300+2"]

1. e4 e5 2. Nf3 Nc6 3. Bb5 Nf6 4. O-O Nxe4 5. Re1 Nd6 6. Nxe5 Be7 7. Bf1 Nxe5 8. Rxe5 O-O 9. d4 Bf6 {[%emt 0:00:01] C67: Ruy Lopez: Berlin Defence: 4 0-0 Nxe4.} 10. Re2 b6 11. Re1 Bb7 12. Bf4 Ne4 13. Nd2 Nxd2 14. Qxd2 d6 15. a4 c5 16. c3 cxd4 17. cxd4 Rc8 {[%emt 0:00:00] [#]} 18. a5 $146 ({Predecessor:} 18. Ra3 Re8 19. Rae3 Rxe3 20. Rxe3 Qd7 21. b3 {½-½ Vachier Lagrave,M (2747)-Navara,D (2676) Bundesliga 2223 2022 (11.1)}) 18... bxa5 19. Be3 a6 20. Rxa5 Rc2 {[%emt 0:00:18][%mdl 64] Deflection} 21. Qxc2 Qxa5 {[%emt 0:00:01] [#]} 22. b4 $1 Qd5 (22... Qxb4 $2 23. Rb1 Qa5 24. Rxb7 $18) 23. Ra1 Rc8 (23... Bxd4 $2 24. Ra5 $18) 24. Qd3 g6 25. Ra5 Qc6 26. d5 Qc3 27. Qxc3 Bxc3 28. Bxa6 Bxa6 29. Rxa6 {[%emt 0:00:01] [#] Threatens to win with Rc6.} Bxb4 $11 {[%emt 0:00:01][%mdl 4096] Endgame KRB-KRB} 30. g4 h5 31. gxh5 gxh5 32. Kg2 Kg7 33. Bf4 Kf6 34. Bxd6 Bxd6 35. Rxd6+ $14 {[%emt 0:00:02] KR-KR} Ke5 36. Rd7 f5 37. h3 Rc3 38. Rd8 (38. Rh7 {simplifies} Kxd5 39. Rxh5 Ke5 40. Rg5) 38... Rd3 39. d6 h4 40. d7 {[%emt 0:00:20] White wants to mate with Re8+.} Kf4 $1 41. Rh8 Rxd7 42. Rxh4+ Kg5 43. Ra4 Rd3 44. h4+ Kh5 45. f3 Rd6 46. Kg3 Kg6 47. Kf4 Kf6 48. Ra8 Rd4+ 49. Kg3 Kf7 50. Ra6 Rb4 51. h5 Kg7 {[%emt 0:00:04] The position is equal.} 52. Rg6+ Kf7 53. f4 Ra4 54. Rg5 Kf6 55. h6 {[%emt 0:00:01] White threatens h7 and mate.} Ra8 56. Kh4 (56. h7 $5 Rh8 $8 57. Rg8 (57. Rh5 Kg6 $11) 57... Rxh7 58. Rc8 $11) 56... Ra1 57. Rg3 Rh1+ 58. Rh3 Rxh3+ 59. Kxh3 $11 {[%emt 0:00:01] KPP-KP} Kg6 60. Kg3 Kxh6 61. Kh3 Kg6 62. Kg3 Kh6 63. Kh3 Kg6 64. Kg3 Kh6 {Weighted Error Value: White=0.03 (flawless) /Black=0.03 (flawless)} 1/2-1/2

[Event "Superbet Blitz Poland 2023"]
[Site "Warsaw"]
[Date "2023.05.24"]
[Round "7"]
[White "Duda, Jan-Krzysztof"]
[Black "Deac, Bogdan-Daniel"]
[Result "1-0"]
[ECO "C90"]
[WhiteElo "2724"]
[BlackElo "2700"]
[Annotator "TA"]
[PlyCount "67"]
[EventDate "2023.05.24"]
[EventType "tourn"]
[EventCountry "POL"]
[SourceTitle "playchess.com"]
[Source "ChessBase"]
[SourceQuality "1"]
[TimeControl "300+2"]

1. e4 e5 2. Nf3 Nc6 3. Bb5 a6 4. Ba4 Nf6 5. O-O Be7 6. Re1 b5 7. Bb3 O-O 8. a4 Rb8 9. d3 d6 10. c3 h6 11. Nbd2 Re8 12. Nf1 {[%emt 0:00:22] C90: Closed Ruy Lopez with 7...d6: Early deviations.} Bf8 13. h3 {[%emt 0:00:28] [#]} Be6 $146 ({Predecessor:} 13... b4 14. Ng3 bxc3 15. bxc3 d5 16. Qc2 Na5 17. Ba2 dxe4 18. Nxe4 Nxe4 19. Rxe4 Bd6 {1-0 Tovio,I-Echeverria Acuna,N Cartagena op 2000 (4)}) 14. Bc2 {[%emt 0:00:35] The position is equal.} d5 15. exd5 Bxd5 16. Ne3 Be6 17. axb5 axb5 18. Ra6 Qd7 19. Nd2 Ne7 20. Qf3 Ng6 21. Ne4 Nh7 22. Qg3 Qc8 23. Ra7 Ra8 24. Rxa8 Qxa8 25. Ng4 Bd6 26. h4 Qc8 27. Nxh6+ Kh8 $1 (27... gxh6 $2 28. h5 Kg7 29. hxg6 fxg6 30. f4 $18) 28. h5 $36 {[%emt 0:00:21][%mdl 2048] White has good play.} Nf4 (28... Ne7 $5 ) 29. d4 {[%emt 0:00:08] dxe5 would be deadly.} Nxh5 $2 {[%emt 0:00:06][%mdl 8192] This costs Black the game.} ({Better is} 29... gxh6 $14 30. dxe5 Nxg2 31. Qxg2 (31. Nxd6 $2 {loses.} cxd6 32. Qxg2 Rg8 $19) 31... Bxe5) 30. Qf3 {[%emt 0:00:03] White is clearly winning.} Nf4 (30... gxh6 $142 31. Qxh5 Bg4 32. Qxf7 Qd7 33. Nxd6 cxd6) 31. dxe5 $18 {[%emt 0:00:04][%mdl 64] [#] Remove Defender} Bxe5 32. Bxf4 Bxf4 33. Qxf4 gxh6 34. Nf6 {[%emt 0:00:05][%mdl 64] Discovered Attack.   Weighted Error Value: White=0.15 (very precise) /Black=0.38} 1-0

[Event "Superbet Blitz Poland 2023"]
[Site "Warsaw"]
[Date "2023.05.24"]
[Round "8"]
[White "Carlsen, Magnus"]
[Black "Aronian, Levon"]
[Result "1-0"]
[ECO "C21"]
[WhiteElo "2853"]
[BlackElo "2745"]
[Annotator "TA"]
[PlyCount "61"]
[EventDate "2023.05.24"]
[EventType "tourn"]
[EventCountry "POL"]
[SourceTitle "playchess.com"]
[Source "ChessBase"]
[SourceQuality "1"]
[TimeControl "300+2"]

1. e4 e5 2. d4 exd4 3. c3 d5 4. exd5 Nf6 5. Nf3 Nxd5 6. Qxd4 {[%emt 0:00:06] C21: Danish Gambit.} Nc6 7. Bb5 {[%emt 0:00:18] [#]} Qe7+ $146 ({Predecessor:} 7... Be7 8. O-O O-O 9. Qa4 Nb6 10. Qc2 Qd5 11. Bd3 h6 12. Bf4 Bg4 13. Be4 Qh5 {1-0 Anisimov,P (2527)-Martinez Alcantara,J (2620) Titled Tuesday intern op 09th Mar blitz 2021 (10)}) 8. Ne5 $1 {[%emt 0:00:32] White has an edge.} Bd7 9. Bxc6 Bxc6 10. O-O Qe6 11. Nxc6 Qxc6 12. Re1+ Be7 13. Qxg7 {[%emt 0:02:20] White is more active.} O-O-O 14. Qg4+ ({And not} 14. Qxf7 Bc5 15. Nd2 Rhf8 16. Qe6+ Qxe6 17. Rxe6 Nf4 $17) 14... Kb8 {[#]} 15. Qf3 (15. Nd2 $1 $16) 15... Bc5 (15... Rd6 $5 ) 16. Nd2 Qf6 {[%emt 0:00:15] This costs Black the game.} (16... Rhe8 $14 17. Rf1 Bb6) 17. Qxf6 $18 Nxf6 18. Nb3 Bb6 19. Be3 Rhe8 20. Bxb6 axb6 21. Nd4 Ne4 22. g3 Nd6 23. Kg2 c5 24. Nf3 Kc7 25. Rxe8 Rxe8 {[%emt 0:00:01][%mdl 4096] Endgame KRN-KRN} 26. Re1 {[%emt 0:00:03] Dodges Re2} Ra8 27. a3 h6 28. Re7+ Kd8 29. Re2 b5 (29... Kc7 $142 30. h4 Rg8) 30. Ne5 Kc7 $2 {[%emt 0:00:02] [#]} (30... Ra6 {was necessary.} 31. h4 f6) 31. Nxf7 $1 {[%emt 0:00:03][%mdl 576] Decoy.   Weighted Error Value: White=0.05 (flawless) /Black=0.30} 1-0

[Event "Superbet Blitz Poland 2023"]
[Site "Warsaw"]
[Date "2023.05.24"]
[Round "8"]
[White "Rapport, Richard"]
[Black "Giri, Anish"]
[Result "1-0"]
[ECO "D00"]
[WhiteElo "2745"]
[BlackElo "2768"]
[Annotator "TA"]
[PlyCount "75"]
[EventDate "2023.05.24"]
[EventType "tourn"]
[EventCountry "POL"]
[SourceTitle "playchess.com"]
[Source "ChessBase"]
[SourceQuality "1"]
[TimeControl "300+2"]

1. d4 d5 2. Bg5 f6 3. Bd2 Nc6 4. e3 e5 5. Bb5 Bd6 6. c4 {[%emt 0:00:11] D00: 1 d4 d5: Unusual lines.} dxc4 7. Ne2 {[%emt 0:00:16] [#]} Nge7 $146 ({Predecessor:} 7... Be6 8. Qa4 Nge7 9. Bxc4 Qd7 10. Nbc3 exd4 11. Bxe6 Qxe6 12. Nxd4 Qg4 13. Nxc6 Qxa4 14. Nxa4 Nxc6 {½-½ Harika,D (2494)-Tomilova,E (2338) Wch Rapid (Women) 2018 (8)}) 8. Bxc4 {[%emt 0:00:04] The position is equal.} exd4 9. exd4 Bf5 10. Qb3 Qd7 11. Bf7+ (11. Qxb7 $2 Rb8 12. Qa6 Rxb2 $19) 11... Kf8 {[%emt 0:00:00] Black wants to play ...Ng6.} 12. O-O (12. Bh5 Be6 13. Qd3 Rd8 $17) 12... h5 13. Bc4 Rb8 14. Re1 h4 15. h3 b5 16. Bf7 (16. Bxb5 $11 Be6 17. Qd3) 16... Nd8 17. Bc4 bxc4 18. Qxb8 c6 19. Qa8 Nd5 20. Ba5 Bc7 {[%emt 0:00:00] This pair of bishops is nice.} 21. b4 (21. Qxa7 $2 Bh2+ 22. Kxh2 Qxa7 $19) (21. Bxc7 $142 Qxc7 22. Nbc3) 21... Bxb1 (21... Bxh3 $17 {( -> ...Qg4)} 22. gxh3 Rh6) 22. Raxb1 $14 {[%emt 0:00:14] Hoping for Kf1.} (22. Rexb1 Kf7 23. Kh1 (23. Qxa7 $2 Bh2+ {[%mdl 64] Discovered Attack} 24. Kxh2 Qxa7 $19) 23... Re8 24. Qxa7 Rxe2 25. Bxc7 Nxc7 $17) 22... Kf7 23. Kf1 $2 (23. Qxa7 $2 Bh2+ 24. Kxh2 Qxa7 $19) (23. Kh1 $1 $16 {and life is bright.} Bb6 24. Bxb6 axb6 25. Qa4) 23... Bh2 $17 {[%emt 0:00:16] And now ...Rg8 would win.} 24. b5 cxb5 $2 (24... Qf5 $1 $15 25. Ng1 (25. Bxd8 $2 Ne3#) (25. Qxa7+ Kg6 $11) 25... Qd3+ 26. Ne2 Re8) 25. Nc3 $36 {[%emt 0:00:11][%mdl 2048] Keeping Black busy.} Nxc3 26. Bxc3 Rh5 27. Bb4 Nc6 {[%emt 0:00:02] Inhibits Re7+.} 28. Qf8+ (28. g4 $2 hxg3 29. Qf8+ Kg6 30. Qe8+ Qxe8 31. Rxe8 Rf5 $19) 28... Kg6 29. Bc5 ({White should try} 29. Re4 $16) 29... c3 {[%emt 0:00:01] [#]} (29... Bf4 $11 {remains equal.}) 30. Re4 $1 $16 {[%emt 0:00:05] Strongly threatening Rbe1.} (30. Rxb5 Nxd4 $15) 30... Rg5 $2 {[%emt 0:00:07] [#]} (30... b4 $16 {might work better.}) 31. Rc1 $2 (31. Rxb5 $2 c2 32. Ba3 Rxb5 $19) (31. Rbe1 $1 $18) 31... Qd5 $2 ({Black should play} 31... b4 $1 $14) 32. Qe8+ $18 (32. Rxh4 Qc4+ 33. Ke1 Qe6+ 34. Kf1 (34. Kd1 $2 Rxg2 35. Rxc3 Rg1+ 36. Kd2 f5 $19) 34... Qc4+ 35. Ke1 Qe6+ 36. Kf1 (36. Kd1 $2 Rxg2 37. Rxc3 Rg1+ 38. Kd2 f5 $19) 36... Qc4+ $11) 32... Kf5 33. Rg4 ({Weaker is} 33. Rxh4 Qxg2+ 34. Ke1 (34. Ke2 Bg3 $11) 34... Qf3 $11) 33... Qc4+ 34. Qe2 Qxe2+ 35. Kxe2 b4 $2 (35... Rxg4 {was necessary.} 36. hxg4+ Ke4 37. Rxc3 Nxd4+ 38. Bxd4 Kxd4 39. Rd3+ Kc4) 36. Rxg5+ {[%emt 0:00:02] White is clearly winning.} fxg5 37. d5 Bf4 38. dxc6 {[%emt 0:00:02] What a bad dream for Black. An entertaining game by Rapport.   Weighted Error Value: White=0.37/Black=0.55} 1-0

[Event "Superbet Blitz Poland 2023"]
[Site "Warsaw"]
[Date "2023.05.24"]
[Round "8"]
[White "Deac, Bogdan-Daniel"]
[Black "Vachier-Lagrave, Maxime"]
[Result "1-0"]
[ECO "B54"]
[WhiteElo "2700"]
[BlackElo "2742"]
[Annotator "TA"]
[PlyCount "131"]
[EventDate "2023.05.24"]
[EventType "tourn"]
[EventCountry "POL"]
[SourceTitle "playchess.com"]
[Source "ChessBase"]
[SourceQuality "1"]
[TimeControl "300+2"]

1. e4 c5 2. Nf3 d6 3. Bb5+ Bd7 4. c4 Nc6 5. d4 cxd4 6. Nxd4 Nf6 {[%emt 0:00:06] B54: Sicilian: 2...d6 3 d4 cxd4 4 Nxd4, Unusual Lines .} 7. Nc3 g6 8. h3 {[%emt 0:00:38] seems to push 8.0-0 aside.} Bg7 {[%emt 0:00:02][%cal Of6e4] The position is equal.} 9. Be3 O-O 10. O-O Rc8 11. Rc1 $1 a6 12. Bxc6 Bxc6 13. Nxc6 Rxc6 {[%emt 0:00:03] [#]} 14. Qb3 $146 ({Predecessor:} 14. b3 b5 15. cxb5 axb5 16. e5 dxe5 17. Qxd8 Rxd8 18. Nxb5 Rdc8 19. Rxc6 Rxc6 20. Rd1 {1-0 Sjugirov,S (2680)-Papadiamandis,E (2388) Titled Tuesday intern op 01st Feb-A blitz 2022 (3)}) 14... Qd7 15. Rfd1 Rfc8 (15... Qc8 $14) 16. e5 $1 $16 Ne8 17. exd6 Rxd6 (17... Nxd6 $16 18. c5 Rxc5) 18. c5 Rxd1+ 19. Rxd1 Qc6 20. Nd5 Bf8 (20... Bf6 $142 21. Nb6 Rc7) 21. Nb6 $18 Rc7 22. Rd8 {[%emt 0:00:08] Black is weak on the dark squares} Ng7 $2 (22... e6 23. Qd3 f6) 23. Qd5 $2 (23. Bh6 $18) 23... Ne6 {[%emt 0:00:16] [#]} (23... Qxd5 $1 $14 24. Nxd5 Ne6) 24. Qxc6 (24. Qxe6 $1 $18 {[%cal Oe3h6] Bh6! would kill now.} Qxe6 25. Bh6 Qe1+ 26. Kh2 Qe5+ 27. g3 (27. f4 Qg7 $16)) 24... Rxc6 $16 25. Rb8 Rc7 {[%emt 0:00:19] Dodges Nd7} (25... Nxc5 $2 26. Bh6 Ne6 27. Nd7 $18) 26. b4 f6 (26... f5 $16) 27. Kf1 (27. Nc4 $18) 27... Kf7 28. Ke2 {[%emt 0:00:02] White has more active pieces.} Bg7 29. Kd3 f5 30. Kc4 Be5 31. Ra8 {[%emt 0:00:04] Prevents Rxc5+.} Rc6 32. a4 g5 33. b5 axb5+ 34. axb5 Rc7 {[%emt 0:00:01] ...f4 would be deadly.} 35. Nd5 Rd7 36. f3 Bg3 (36... f4 $16 {was necessary.} 37. Bf2 Nd8) 37. Rc8 h6 (37... Be5 {might work better.} 38. c6 bxc6 39. bxc6 Rd6) 38. Bc1 (38. c6 $18 bxc6 39. bxc6 (39. Rxc6 Rd8 $16)) 38... Bf2 (38... Rd8 $16 {was called for.} 39. Rxd8 Nxd8) 39. Ba3 Rd8 40. Rxd8 Nxd8 $18 {[%emt 0:00:01][%mdl 4096] Endgame KBN-KBN} 41. Bb4 e6 42. Nb6 Ke8 43. Bc3 Nf7 44. Bd4 Bg3 45. c6 Nd8 (45... Kd8 $14) 46. cxb7 (46. Kc5 $142) 46... Nxb7 $16 47. Na4 Ke7 48. Nc5 Nd6+ 49. Kb4 Be1+ {[%emt 0:00:02] White stays focused until the end.} (49... e5 $1 $14 50. Be3 Be1+ 51. Ka4 Kd8) 50. Ka4 Nc4 51. Nd3 Bg3 (51... Ba5 52. Bg7 Bd2) 52. b6 $18 Kd7 53. Kb5 Nd6+ {[%emt 0:00:01] [#]} 54. Ka6 $1 {[%emt 0:00:00] And now Bg7 would win.} Kc6 $2 (54... Kc8 55. Bg7 h5) 55. Nb4+ $2 (55. Be5) 55... Kd7 56. Bc5 Ne8 $2 (56... h5 {is a better defense.} 57. b7 Nc4) 57. b7 Nc7+ $2 (57... Bb8 58. Ba7 Bh2) 58. Kb6 Ne8 59. Na6 Nf6 60. b8=Q {[%emt 0:00:04] White wants to mate with Qb7+.} Bxb8 61. Nxb8+ Kc8 62. Na6 Kd7 63. Nb4 g4 (63... e5 $142 64. Bf8 e4 65. fxe4 Nxe4 66. Bxh6 Ke6) 64. Bd4 {[%emt 0:00:02] White is clearly winning.} gxh3 65. gxh3 (65. Bxf6 $2 {perishes.} h2 66. Nd3 h1=Q $19) 65... Nh5 66. Be5 {[%emt 0:00:02] Dodges Nf4.   Weighted Error Value: White=0.36/Black=0.53} 1-0

[Event "Superbet Blitz Poland 2023"]
[Site "Warsaw"]
[Date "2023.05.24"]
[Round "8"]
[White "Shevchenko, Kirill"]
[Black "So, Wesley"]
[Result "1/2-1/2"]
[ECO "C77"]
[WhiteElo "2684"]
[BlackElo "2760"]
[Annotator "TA"]
[PlyCount "124"]
[EventDate "2023.05.24"]
[EventType "tourn"]
[EventCountry "POL"]
[SourceTitle "playchess.com"]
[Source "ChessBase"]
[SourceQuality "1"]
[TimeControl "300+2"]

1. e4 e5 2. Nf3 Nc6 3. Bb5 a6 4. Ba4 Nf6 5. Nc3 Bc5 6. d3 {[%emt 0:00:04] C77: Ruy Lopez: 3...a6 4 Ba4 Nf6, unusual lines.} (6. O-O b5 7. Bb3 O-O 8. d3 h6 9. a4 b4 10. Nd5 d6 11. Be3 Rb8 12. a5 Bxe3 13. fxe3 Nxd5 14. Bxd5 Ne7 15. Bc4 c6 16. Qe1 d5 17. Bb3 f6 18. exd5 cxd5 19. e4 {½-½ Shevchenko,K (2644)-So,W (2776) Warsaw Superbet Classic Blitz 2022 (14.2)}) 6... d6 7. Bxc6+ bxc6 8. Be3 Bxe3 9. fxe3 c5 10. O-O O-O 11. Qe1 h6 12. Nh4 g6 {[%emt 0:00:08][%cal Oc5c4] [#]} 13. Nf3 $146 ({Predecessor:} 13. h3 Be6 14. Qf2 Nh7 15. Nf3 Ng5 16. Qg3 Kh7 17. Nd2 f5 18. h4 Nf7 19. h5 {1-0 Shevchenko,K (2652)-Niemann,H (2637) Junior Speed Qual blitz 2022 (2.110)}) 13... Kg7 14. Nd2 Be6 15. b3 Qe7 16. Rf3 Nd7 17. Nc4 Bxc4 18. bxc4 Rab8 19. Qd2 c6 20. a3 Qd8 21. Na4 h5 22. Rff1 Qc7 23. Rab1 Rxb1 24. Rxb1 Rb8 25. Rb3 Nf6 26. h3 h4 27. Qe1 Nh5 28. Nc3 (28. Qxh4 $2 Rxb3 29. cxb3 Qb8 $19) 28... Rxb3 29. cxb3 $11 {[%emt 0:00:01][%mdl 4096] Endgame KQN-KQN} Qb6 30. Qd1 Ng3 31. Kf2 Qa5 32. Qc1 Qd8 33. Qd1 a5 34. Qf3 Nh5 (34... Qb6 $5 35. Qd1 $8 Qd8 $11) 35. Qg4 Nf6 36. Qd1 ({Don't play} 36. Qxh4 Qb6 37. Ke2 Qxb3 $17) 36... Qb8 37. Ke2 Nh5 38. Kd2 Qd8 39. Qf3 Nf6 40. Kc2 Nh5 41. Nd1 Nf6 42. Nf2 a4 43. Nd1 axb3+ 44. Kxb3 Qb6+ 45. Ka2 Qa5 {[%emt 0:00:05] ...Qd2+ is the strong threat.} 46. Qe2 {[%emt 0:00:02] Prevents Qd2+.} d5 47. Qc2 (47. exd5 $11 cxd5 48. Nb2) 47... d4 $17 48. exd4 exd4 ({Better is} 48... cxd4 $15 49. Nb2 Nh5) 49. Nf2 {[%emt 0:00:10] [#]} (49. e5 $11 Nh5 50. Qf2) 49... Nh5 (49... Qe1 $1 $17 50. Nd1 Qg3) 50. e5 $11 Nf4 51. Ne4 {[%emt 0:00:02] [#]} (51. Qc1 $11 {remains equal.} g5 52. Qd1) 51... Qe1 (51... Qc7 $1 $17 52. Nxc5 Qxe5) 52. Qf2 (52. a4 $11) 52... Qe3 ({Resist} 52... Nxd3 53. Qxe1 Nxe1 54. a4 $16) ({Black should play} 52... Qxf2+ $17 53. Nxf2 Kf8) 53. Qxh4 {[%emt 0:00:01] The position is equal.} Qe2+ (53... Nxd3 $5 54. Qf6+ $8 Kg8 55. Qd8+ Kg7 56. Qf6+ Kg8 57. Qd8+ Kg7 58. Qf6+ $11) 54. Ka1 Qd1+ (54... Nxd3 $5 55. Qf6+ $8 Kg8 56. Qd8+ Kg7 57. Qf6+ Kg8 58. Qd8+ Kg7 59. Qf6+ $11) 55. Ka2 Qc2+ (55... Nxd3 $5 56. Qf6+ $8 Kg8 57. Qd8+ Kg7 58. Qf6+ Kg8 59. Qd8+ Kg7 60. Qf6+ $11) 56. Ka1 {[%emt 0:00:00] Some like it hot} Qc1+ (56... Nxd3 $5 57. Qf6+ $8 Kg8 58. Qd8+ Kh7 59. Qh4+ (59. Ng5+ Kh6 $11) 59... Kg7 60. Qf6+ Kg8 61. Qd8+ Kh7 62. Qh4+ (62. Ng5+ Kh6 $11) 62... Kg7 $11) 57. Ka2 Qc2+ (57... Nxd3 $5 58. Qf6+ $8 Kg8 59. Qd8+ Kg7 60. Qf6+ Kg8 61. Qd8+ Kg7 62. Qf6+ $11) 58. Ka1 Nxd3 59. Qf6+ Kg8 60. Qd8+ Kg7 61. Qf6+ Kg8 62. Qd8+ Kg7 {[%emt 0:00:01] Weighted Error Value: White=0.14 (very precise) /Black=0.10 (very precise)} 1/2-1/2

[Event "Superbet Blitz Poland 2023"]
[Site "Warsaw"]
[Date "2023.05.24"]
[Round "8"]
[White "Wojtaszek, Radoslaw"]
[Black "Duda, Jan-Krzysztof"]
[Result "0-1"]
[ECO "E90"]
[WhiteElo "2670"]
[BlackElo "2724"]
[Annotator "TA"]
[PlyCount "104"]
[EventDate "2023.05.24"]
[EventType "tourn"]
[EventCountry "POL"]
[SourceTitle "playchess.com"]
[Source "ChessBase"]
[SourceQuality "1"]
[TimeControl "300+2"]

1. d4 Nf6 2. c4 c5 3. d5 g6 4. Nc3 Bg7 5. e4 d6 6. Bd3 e6 7. Nf3 O-O 8. h3 exd5 9. exd5 Re8+ 10. Be3 Rxe3+ {[%emt 0:00:02] E90: King's Indian: Classical: Early deviations and 6 h3.} 11. fxe3 $16 Qe7 12. e4 Nbd7 {[%emt 0:00:05] White is better.} 13. O-O (13. Qd2 $16) 13... Nh5 $1 $11 14. Qd2 Ne5 ({Better is} 14... Ng3 $11) 15. Ne2 $14 Bd7 16. Nxe5 Bxe5 17. Rf3 a6 18. a4 {[%emt 0:00:07] [#]} b6 $146 ({Predecessor:} 18... Be8 19. a5 Rb8 20. Raf1 b6 21. axb6 Rxb6 22. Nc3 Kg7 23. Nd1 Nf6 24. Qe2 Bd4+ {0-1 Salimova,N (2372)-Obgolts,E (2376) Titled Tuesday intern op 5th May blitz 2020 (3)}) 19. Bc2 (19. Raf1 $16) 19... Nf6 20. Raf1 Be8 21. b3 Nd7 22. Bd3 h5 23. Kh1 Bg7 24. R3f2 Ne5 25. Ng1 Kh7 26. Nf3 Bh6 27. Qc3 {[%emt 0:00:11] And now Nxe5 would win.} Bf4 28. Bc2 (28. Ng1 $5 Be3 29. Rc2 $16) 28... Bg3 29. Re2 Nxf3 30. Qxf3 ({Reject} 30. gxf3 Qh4 31. Kg2 Bd7 $17) 30... Be5 31. Bd3 Kg7 32. Qf2 Bd7 33. Qe1 Bd4 (33... a5 $11) 34. Qd2 (34. a5 $14) 34... Rh8 (34... a5 $11) 35. Ree1 (35. a5 $1 $14) 35... Be5 $11 36. Qe3 g5 37. Re2 Rh7 38. Bc2 g4 39. Ref2 Kg8 (39... Kf8 {looks sharper.} 40. Bd1 gxh3 41. g3 Bd4) 40. Rf5 Bxf5 41. exf5 {[%emt 0:00:03] [#]} (41. Rxf5 $11 Kf8 42. Qg5) 41... Qf6 $1 $19 42. Bd1 Kg7 (42... Rg7 $19 43. Be2 Bd4) 43. Qd3 (43. Qe1 $17 {was called for.}) 43... Rh8 44. Qe3 Bd4 45. Qe4 {[%emt 0:00:04] [#]} Be5 {[%emt 0:00:09] Prevents g3} (45... Kf8 $142 $1 46. Re1 Be5) 46. Qe3 $1 Kf8 47. Qe4 Ke7 48. Be2 $2 (48. g3 {was necessary.}) 48... Kd7 49. Qe3 (49. Bd1) 49... Bd4 50. Qf4 Re8 51. Bd1 {[%emt 0:00:00] White is weak on the dark squares} Re3 $2 (51... Qh4 {Hoping for ...Re1.} 52. a5 Be3) 52. Qf2 {[%emt 0:00:05] [#]} (52. g3 h4 53. Bxg4 hxg3 54. Rb1) 52... Rxh3+ $1 {[%emt 0:00:02][%mdl 576] Discovered Attack.   Weighted Error Value: White=0.51/Black=0.29 (precise)} 0-1